AoeStats
← |GaoeG| flamingo

MegaRandom

504189687Analyzed
1v1 RM · 27d ago on Sep 4, 2026· 32m 54s· 2 players
Game mode
Random Map
Map size
Tiny (2 player)
Population
200
Speed
Normal
Resources
Standard
Victory
Conquest
Starting age
Dark Age
Ending age
Imperial Age
RankedLock teamsTeams togetherTeam positionsShared explorationLock speedFull tech treeHidden civsTurbo modeCheats
Victory
Defeat
🇬🇧 Portuguese · United Kingdom
1445
+13
🇪🇸 Britons · Spain
1387
-13
|GaoeG| flamingo
9:06 Loom
11:51 Feudal Age
15:46 Castle Age
15:23 Double-Bit Axe
15:20 Horse Collar
20:33 Scale Barding Armor
22:28 Fletching
25:07 Husbandry
27:02 Bow Saw
30:24 Wheelbarrow
29:39 Town Watch
30:33 Chain Barding Armor
31:59 Forging
HighPingWizard
10:25 Feudal Age
14:49 Castle Age
13:02 Double-Bit Axe
15:44 Bow Saw
18:35 Horse Collar
22:21 Gold Mining
24:45 Loom
30:32 Imperial Age
Connection lost

Rejoining the realm…

Still unreachable

The connection could not be restored.

Session expired

The server has moved on; the page needs a fresh start.